 Dungeon Crawl Stone Soup version 0.29-a0-323-g050149af67 (webtiles) character file.

Game seed: 10445096400666517887

30 zishaf the Shooter (level 3, 0/33 HPs)
             Began as a Naga Hunter on Apr 11, 2022.
             Slain by an ufetubus (1 damage)
             ... on level 2 of the Dungeon.
             The game lasted 00:01:35 (1034 turns).

zishaf the Shooter (Naga Hunter)                    Turns: 1034, Time: 00:01:35

Health: 0/33       AC:  2    Str: 13    XL:     3   Next: 20%
Magic:  3/3        EV: 10    Int:  9    God:
Gold:   70         SH:  0    Dex: 16    Spells: 2/2 levels left

rFire   . . .      SeeInvis +   b - +0 long sword
rCold   . . .      Faith    .   (no shield)
rNeg    . . .      Spirit   .   g - +0 leather armour
rPois   +          Reflect  .   (no helmet)
rElec   .          Harm     .   (no cloak)
rCorr   .          Rampage  .   (no gloves)
Will    .....                   (no barding)
Stlth   ++........              (no amulet)
HPRegen 0.11/turn               (no ring)
MPRegen 0.08/turn               (no ring)

@: very slow
A: AC +1, large, see invisible, deformed body, poison resistance, slowness 2,
spit poison 1, naga tail 1
a: Spit Poison


You were on level 2 of the Dungeon.
You visited 1 branch of the dungeon, and saw 2 of its levels.

You collected 70 gold pieces.

Inventory:

Hand Weapons
 a - a +1 shortbow
 b - a +0 long sword (weapon)
 e - a +0 dagger
Armour
 g - a +0 leather armour (worn)
 n - a +0 chain mail
Scrolls
 c - a scroll of immolation
 d - a scroll of blinking {unknown}
 f - 2 scrolls of identify {unknown}
 h - a scroll of noise {unknown}
 j - a scroll of teleportation {unknown}
 k - a scroll of brand weapon {unknown}
 m - a scroll of enchant weapon {unknown}
Potions
 i - a potion of attraction {unknown}
 l - a potion of haste {unknown}


   Skills:
 + Level 2.4 Fighting
 * Level 4.1 Bows
 - Level 2.0 Dodging
 - Level 1.5 Stealth


You had 2 spell levels left.
You didn't know any spells.
Your spell library was empty.

Dungeon Overview and Level Annotations

Branches:
Dungeon (2/15)

Altars:


Innate Abilities, Weirdness & Mutations

Your serpentine skin is tough. (AC +1)
You have supernaturally acute eyesight. (SInv)
Armour fits poorly on your strangely shaped body.
Your system is resistant to poisons. (rPois)
You cover ground very slowly.
You can spit poison.
You have a snake-like lower body.


Message History

You shoot an arrow. The arrow hits the bat.
You kill the bat!
No target in view!
You see here a bat corpse.
A bat comes into view.
You shoot an arrow. The arrow hits the bat!
You kill the bat!
You see here a bat corpse.
Done exploring.
Done exploring.
(D) Dungeon
Where to? (? - help)
There is a stone staircase leading down here.
You climb downwards.
The ufetubus shouts!
The frilled lizard hisses angrily.
There is a stone staircase leading up here.
There are monsters nearby!
You shoot an arrow. The arrow closely misses the ufetubus.
b - a +0 long sword (weapon)
The ufetubus hits you. x2
You miss the ufetubus. The ufetubus barely misses you.
The ufetubus closely misses you. The ufetubus hits you. x2
You barely miss the ufetubus. The ufetubus barely misses you.
The ufetubus misses you. The ufetubus barely misses you.
The ufetubus misses you. The frilled lizard closely misses you.
You barely miss the ufetubus. The ufetubus closely misses you.
The ufetubus hits you. The frilled lizard bites you. The ufetubus hits you. x2
The frilled lizard bites you.
* * * LOW HITPOINT WARNING * * *
You are too injured to fight recklessly!
You are too injured to fight recklessly!
You barely miss the ufetubus. The ufetubus hits you.
* * * LOW HITPOINT WARNING * * *
The ufetubus hits you but does no damage.
The ufetubus barely misses you. x2
The frilled lizard completely misses you.
The ufetubus hits you.
* * * LOW HITPOINT WARNING * * *
The ufetubus hits you.
You die...

#. #. #. #
#.######.# #
#........#
#.#.........
#.........#
#@5..#
......l....#
##......##.#
......#.# #
#####.#.#
#.#.# # #.#
#..


You could see an ufetubus and a frilled lizard.

Vanquished Creatures
  An endoplasm (D:1)
  2 giant cockroaches (D:1)
  2 goblins (D:1)
  3 hobgoblins (D:1)
  4 jackals (D:1)
  4 quokkas (D:1)
  4 bats (D:1)
  4 frilled lizards (D:1)
  A kobold (D:1)
  2 rats (D:1)
27 creatures vanquished.

Notes
Turn   | Place    | Note
-------+----------+-------------------------------------------
     0 | D:1      | zishaf the Naga Hunter began the quest for the Orb.
     0 | D:1      | Reached XP level 1. HP: 19/19 MP: 1/1
   160 | D:1      | Reached XP level 2. HP: 26/26 MP: 2/2
   412 | D:1      | Found a faded altar of an unknown god.
   571 | D:1      | Reached skill level 4 in Bows
   685 | D:1      | Reached XP level 3. HP: 33/33 MP: 3/3
  1034 | D:2      | HP: 1/33 [ufetubus (4)]
  1034 | D:2      | Slain by an ufetubus

Illustrated notes

Levels and vault maps discovered:
D:1:      kennysheep_arrival_forest, layout_loops_ring,
          hellmonk_ecumenical_altar_leap_of_faith, minmay_domino_4
D:2:      layout_basic, basic_altar, minivault_25, uniq_natasha

Skill      XL: |  1  2  3 |
---------------+----------+-----
Bows           | 4 |  4.1
Dodging        | 2 |  2.0
Fighting       | |  2.4
Stealth        | |  1.5

Action                   || total
-------------------------++-------
Melee: Long sword        ||    17
 Fire: Shortbow          ||    44
Armor: Leather armour    ||     5
Dodge: Dodged            ||    21

Table legend: (Time is in decaauts)
 A = Elapsed time spent in this place.
 B = Non-inter-level travel time spent in this place.
 C = Inter-level travel time spent in this place.
 D = Time resting spent in this place.
 E = Time spent auto-exploring this place.
 F = Levels seen in this place.
 G = Mean time per level.
                   A        B        C        D        E       F      G
               +--------+--------+--------+--------+--------+-----+--------+
         Total |   1351 |   1315 |     36 |    118 |    995 |   2 |  675.5 |
       Dungeon |   1351 |   1315 |     36 |    118 |    995 |   2 |  675.5 |
               +--------+--------+--------+--------+--------+-----+--------+

Top non-repeatable levels by time:
     D:1: 1344 daAuts
     D:2: 6 daAuts
